 Dungeon Crawl Stone Soup version 0.25-a0-661-g55ea3d2053 (webtiles) character file.

Game seed: 2728507218727502440, levelgen mode: deterministic

44921 Haet the Geomancer (level 14, -10/130 HPs)
             Began as a Gargoyle Earth Elementalist on Mar 22, 2020.
             Was a High Priest of Vehumet.
             Mangled by a large abomination (27 damage)
             ... on level 3 of the Abyss on Mar 23, 2020.
             The game lasted 01:30:13 (19994 turns).

Haet the Geomancer (Gargoyle Earth Elementalist)   Turns: 19994, Time: 01:30:14

Health: -10/130    AC: 18    Str: 12    XL:     14   Next: 30%
Magic:  5/27       EV: 18    Int: 21    God:    Vehumet [*****.]
Gold:   495        SH:  3    Dex: 16    Spells: 13/31 levels left

rFire    . . .     SeeInvis .   H - +2 whip (elec)
rCold    + + .     Gourm    .   (no shield)
rNeg     + + .     Faith    .   K - +0 animal skin {rC+}
rPois    ∞         Spirit   .   r - +1 hat
rElec    +         Reflect  +   (no cloak)
rCorr    .         Harm     .   P - +2 pair of gloves "Ojyv" {*Drain rN+ Regen+ Dex+6}
MR       +....                  D - +0 pair of boots
Stlth    ..........             v - +3 amulet of reflection
HPRegen  0.71/turn              k - ring of wizardry
MPRegen  0.20/turn              p - ring of protection from cold

@: berserking, hasted, very quick
A: big wings, negative energy resistance 1, electricity resistance, unbreathing,
petrification resistance, rot immunity, AC +10
a: Fly, Renounce Religion


You were on level 3 of the Abyss.
You worshipped Vehumet.
Vehumet was extremely pleased with you.
You were full.

You visited 2 branches of the dungeon, and saw 15 of its levels.
You visited the Abyss 1 time.
You also visited: Ossuary, Gauntlet and Ice Cave.

You collected 873 gold pieces.
You spent 378 gold pieces at shops.

Inventory:

Hand Weapons
 H - a +2 whip of electrocution (weapon)
 M - a +2 morningstar of protection
 O - a +0 morningstar
Missiles
 b - 131 stones (quivered)
 e - 9 throwing nets
Armour
 c - a +1 robe
 r - a +1 hat (worn)
 s - a +0 helmet
 z - a +2 pair of gloves
 D - a +0 pair of boots (worn)
 K - a +0 animal skin of cold resistance (worn)
 P - the +2 pair of gloves "Ojyv" (worn) {*Drain rN+ Regen+ Dex+6}
   (You found it in a Gauntlet)

   It affects your dexterity (+6).
   It protects you from negative energy.
   It increases your rate of regeneration.
   It causes draining when unequipped.
Magical Staves
 j - an uncursed staff of fire
 t - an uncursed staff of wizardry
Jewellery
 k - a ring of wizardry (left hand)
 p - a ring of protection from cold (right hand)
 v - a +3 amulet of reflection (around neck)
 w - the ring "Oxuso" {+Inv +Fly rPois rN+ Dex-5}
   (You found it in a Gauntlet)

   [ring of flight]

   It affects your dexterity (-5).
   It protects you from poison.
   It protects you from negative energy.
   It lets you turn invisible.
   It lets you fly.
 E - an uncursed amulet of the acrobat {unknown}
 J - an uncursed ring of resist corrosion
 L - an uncursed ring of ice
Wands
 g - a wand of flame (28)
 u - a wand of digging (11)
 C - a wand of iceblast (10)
 I - a wand of polymorph (5)
 N - a wand of scattershot (3)
Scrolls
 h - 8 scrolls of teleportation
 n - a scroll of magic mapping
 y - a scroll of fog
 A - 2 scrolls of amnesia
 F - a scroll of blinking
 G - 7 scrolls of remove curse
Potions
 a - 3 potions of stabbing
 f - 2 potions of curing
 i - a potion of ambrosia
 m - 3 potions of lignification
 q - 4 potions of flight
 B - a potion of resistance {unknown}
 Q - 2 potions of mutation {unknown}
Miscellaneous
 x - a fan of gales
Comestibles
 d - 28 rations


   Skills:
 + Level 9.9 Fighting
 + Level 9.0 Maces & Flails
 - Level 6.0 Armour
 + Level 7.9 Dodging
 - Level 2.1 Stealth
 + Level 9.4 Spellcasting
 + Level 10.5 Conjurations
   Level 0.7 Transmutations
 + Level 12.4 Earth Magic
 - Level 6.0 Evocations


You had 13 spell levels left.
You knew the following spells:

 Your Spells              Type           Power        Failure   Level  Hunger
a - Sandblast             Erth           ######       1%          1    None
b - Stone Arrow           Conj/Erth      ######       1%          3    None
c - Lee's Rapid Deconstr  Erth           ######....   1%          5    #####..
d - Mephitic Cloud        Conj/Pois/Air  ###.....     1%          3    None
e - Blink                 Tloc           N/A          4%          2    None
f - Apportation           Tloc           #.....       2%          1    None
g - Dazzling Flash        Conj/Hex       ####..       1%          3    None

Your spell library contained the following spells:

 Spells                   Type           Power        Failure   Level  Hunger
 Iskenderun's Battlesphe  Conj/Chrm      ####....     2%          5    #####..
 Magic Dart               Conj           ####         1%          1    None
 Passwall                 Tmut/Erth      #####...     1%          2    None
 Conjure Flame            Conj/Fire      ####....     1%          3    None
 Petrify                  Tmut/Erth      #####...     1%          4    ##.....
 Corona                   Hex            #......      2%          1    None
 Summon Butterflies       Summ           #.......     2%          1    None
 Summon Small Mammal      Summ           #...         2%          1    None
 Inner Flame              Hex/Fire       #.......     2%          3    None
 Leda's Liquefaction      Hex/Erth       #####.....   2%          4    ##.....
 Call Imp                 Summ           #.......     4%          2    None
 Slow                     Hex            #.......     4%          2    None
 Call Canine Familiar     Summ           #.......     9%          3    None
 Confusing Touch          Hex            #.......     9%          3    None
 Gell's Gravitas          Tloc           #.........   9%          3    None
 Lesser Beckoning         Tloc           #.........   9%          3    None
 Portal Projectile        Hex/Tloc       #.....       9%          3    None
 Recall                   Summ/Tloc      N/A          9%          3    None
 Summon Guardian Golem    Hex/Summ       #.......     9%          3    None
 Teleport Other           Tloc           #.......     9%          3    None
 Tukima's Dance           Hex            #.......     9%          3    None
 Yara's Violent Unravell  Hex/Tmut       ##........   17%         5    #####..
 Cause Fear               Hex            #.........   26%         4    ##.....
 Summon Ice Beast         Ice/Summ       #.......     26%         4    ##.....
 Summon Lightning Spire   Summ/Air       #.......     26%         4    ##.....
 Alistair's Intoxication  Tmut/Pois      ##......     52%         5    #####..
 Metabolic Englaciation   Hex/Ice        #.........   56%         5    #####..
 Invisibility             Hex            #.......     98%         6    ######.
 Malign Gateway           Summ/Tloc      #.........   100%        7    #######


Dungeon Overview and Level Annotations

Branches:
Dungeon (14/15)            Temple (1/1) D:7            Lair (0/6) D:11
    Orc (0/2) D:12         Vaults (0/5) D:13        Ossuary (visited)
  IceCv (visited)         Gauntlet (visited)

Altars:
Ashenzari
Cheibriados
Dithmenos
Elyvilon
Fedhas
Gozag
Hepliaklqana
Kikubaaqudgha
Makhleb
Nemelex Xobeh
Okawaru
Qazlal
Ru
Sif Muna
Trog
Uskayaw
Vehumet
Wu Jian
Xom
Yredelemnul
Zin
The Shining One
Beogh

Shops:
D:12 !

Annotations:
D:8 3 runed translucent doors, Chromatus's ghost, novice HOFi


Innate Abilities, Weirdness & Mutations

You are resistant to torment.
Your stone body is resilient. (AC +10)
You are immune to poison.
Your large and strong wings let you fly indefinitely.
You resist negative energy. (rN+)
You are resistant to electric shocks. (rElec)
You can survive without breathing.
You are immune to petrification.
You are immune to rotting.


Message History

Press: ? - help, Shift-Dir - straight line, f - large abomination
Aim: a large abomination The blast of sand hits the large abomination but does no damage.
b - 131 stones The large abomination hits you but does no damage.
You feel better.
You feel better. The large abomination hits you!!
* * * LOW HITPOINT WARNING * * *
A red film seems to cover your vision as you go berserk!
You feel yourself moving faster!
You feel mighty! The large abomination hits you!
* * * LOW HITPOINT WARNING * * *
You barely miss the large abomination. You whack the large abomination!
Lightning courses through the large abomination!
The large abomination is moderately damaged.
You hit the large abomination.
The large abomination is heavily damaged.
The large abomination hits you!!
You die...

# # .
###### .
##.#... ##
# #
##....# ##
.# . #
.....#.#.#
. ##
###.....#
# #
.#.†..@# #
...#.###X#
# . #. #
.x.. #. .
#.###.# .
.. ...
..≈# ...
.#..# #.#
#. .. .. .
.. . ##
.### .# .
.# . # . #


You could see a large abomination and a small abomination.

Vanquished Creatures
  A frost giant (IceCv)
  A minotaur (Gauntlet)
  Snorg (D:10)
  Erica (D:8)
  2 hydras (D:11)
  2 centaur warriors
  2 dancing weapons (D:13)
  2 death yaks (IceCv)
  3 two-headed ogres
  4 skeletal warriors (D:13)
  Pikel (D:9)
  A deep elf mage (D:13)
  An orc knight (D:12)
  4 ugly things
  An orc sorcerer (D:12)
  3 manticores
  A cyclops (D:11)
  2 worldbinders (Abyss:3)
  An orange demon (Gauntlet)
  An ice statue (IceCv)
  Joseph (D:7)
  An apocalypse crab (Abyss:3)
  A centaur skeleton (D:10)
  4 gargoyles
  3 rime drakes
  13 polar bears (IceCv)
  3 trolls
  Prince Ribbit (D:7)
  6 hippogriffs
  6 raiju (Abyss:3)
  2 slime creatures (D:14)
  A wyvern (D:12)
  2 wraiths
  2 vampires
  A small abomination (Abyss:3)
  20 yaks
  2 hungry ghosts
  A neqoxec (Abyss:3)
  7 vampire mosquitoes
  An acid dragon (D:13)
  3 swamp worms (Gauntlet)
  Duvessa (D:6)
  2 ice beasts
  10 orc warriors
  A black bear (D:9)
  An eye of draining (D:13)
  21 wolves
  3 sky beasts
  11 centaurs
  4 ogres
  A crocodile (D:10)
  4 big kobolds
  17 bullfrogs
  4 gnoll sergeants (D:9)
  Dowan (D:6)
  2 wyvern zombies
  A scorpion (D:9)
  6 killer bees (D:9)
  24 wights
  11 crimson imps
  2 howler monkeys
  A bullfrog zombie (D:11)
  5 centaur zombies
  11 orc priests
  8 hounds
  7 jellies
  3 bullfrog skeletons
  2 gnoll shamans (D:9)
  11 orc wizards
  9 worker ants
  Terence (D:1)
  4 iguanas
  2 big kobold zombies (Ossuary)
  4 mummies
  4 hound zombies (Ossuary)
  2 worker ant zombies
  32 gnolls
  14 adders
  A howler monkey skeleton (D:4)
  4 shadow imps
  A white imp (D:14)
  6 oozes
  4 adder zombies (Ossuary)
  4 adder skeletons
  A worm (D:3)
  3 dart slugs
  9 leopard geckos
  72 orcs
  3 ball pythons
  7 bats
  4 giant cockroaches
  8 goblins
  9 hobgoblins
  4 jackals (D:9)
  5 quokkas
  5 frilled lizards
  2 gnoll zombies (Ossuary)
  2 goblin zombies (Ossuary)
  6 hobgoblin zombies
  2 jackal skeletons
  4 jackal zombies
  29 kobolds
  3 kobold zombies (Ossuary)
  A leopard gecko skeleton (D:5)
  2 orc zombies
  2 quokka skeletons
  3 quokka zombies (Ossuary)
  11 rats
  4 rat zombies (Ossuary)
584 creatures vanquished.

Vanquished Creatures (collateral kills)
  3 wights (D:8)
3 creatures vanquished.

Vanquished Creatures (others)
  A cyclops (D:12)
  A polar bear (IceCv)
  A small abomination (Abyss:3)
  A sky beast (D:9)
  A wolf (IceCv)
  A bullfrog (D:12)
  A hound (D:9)
  A jackal (D:9)
  6 withered plants (Gauntlet)
14 creatures vanquished.

Grand Total: 601 creatures vanquished

Notes
Turn   | Place    | Note
-------+----------+-------------------------------------------
     0 | D:1      | Haet the Gargoyle Earth Elementalist began the quest for
                  | the Orb.
     0 | D:1      | Reached XP level 1. HP: 10/10 MP: 3/3
   176 | D:1      | Reached skill level 4 in Earth Magic
   176 | D:1      | Reached XP level 2. HP: 3/15 MP: 3/5
   953 | D:1      | Reached XP level 3. HP: 19/19 MP: 4/6
   958 | D:1      | Learned a level 3 spell: Stone Arrow
  1434 | D:2      | Noticed Terence
  1468 | D:1      | Killed Terence
  1468 | D:1      | Reached skill level 1 in Conjurations
  1468 | D:1      | Reached XP level 4. HP: 23/24 MP: 1/8
  1820 | D:2      | Reached skill level 5 in Earth Magic
  2008 | D:2      | Reached XP level 5. HP: 24/28 MP: 9/9
  2049 | D:2      | Learned a level 5 spell: Lee's Rapid Deconstruction
  2431 | D:3      | You fall into a shaft and drop 2 floors!
  2431 | D:5      | Entered Level 5 of the Dungeon
  2569 | D:5      | Found a sand-covered staircase.
  2631 | Ossuary  | Entered an ossuary
  3312 | Ossuary  | Reached XP level 6. HP: 29/32 MP: 11/11
  3812 | Ossuary  | Reached skill level 6 in Earth Magic
  4229 | D:4      | Reached XP level 7. HP: 32/36 MP: 6/13
  4420 | D:4      | Found an iron altar of Okawaru.
  5390 | D:3      | Found a sparkling altar of Nemelex Xobeh.
  5448 | D:3      | Found a glowing silver altar of Zin.
  5454 | D:3      | Found a burning altar of Makhleb.
  5455 | D:3      | Found a shadowy altar of Dithmenos.
  5455 | D:3      | Found an ancient bone altar of Kikubaaqudgha.
  5456 | D:3      | Found a blossoming altar of Fedhas.
  5464 | D:3      | Found a shattered altar of Ashenzari.
  6663 | D:6      | Reached skill level 1 in Fighting
  6663 | D:6      | Reached skill level 1 in Armour
  6663 | D:6      | Reached skill level 1 in Evocations
  6734 | D:6      | Reached skill level 1 in Maces & Flails
  7002 | D:6      | Reached XP level 8. HP: 22/43 MP: 12/15
  7183 | D:6      | Noticed Duvessa
  7198 | D:6      | Killed Duvessa
  7222 | D:6      | Noticed Dowan
  7228 | D:6      | Killed Dowan
  7409 | D:6      | Reached skill level 7 in Earth Magic
  7456 | D:6      | Reached skill level 5 in Spellcasting
  7705 | D:6      | Reached skill level 5 in Conjurations
  8037 | D:7      | Found a staircase to the Ecumenical Temple.
  8041 | Temple   | Entered the Ecumenical Temple
  8105 | Temple   | Became a worshipper of Vehumet
  8256 | D:7      | Reached XP level 9. HP: 34/49 MP: 16/16
  8617 | D:7      | Noticed Joseph
  8627 | D:7      | Killed Joseph
  8886 | D:7      | Noticed Prince Ribbit
  8896 | D:7      | Reached * piety under Vehumet
  8896 | D:7      | Offered knowledge of Shock by Vehumet.
  8905 | D:7      | Killed Prince Ribbit
  9020 | D:7      | Reached skill level 8 in Earth Magic
  9391 | D:8      | Found a runed translucent gate.
  9391 | D:8      | Found a runed translucent gate.
  9391 | D:8      | Found a runed translucent gate.
  9407 | D:8      | Noticed Chromatus's ghost (novice HOFi)
  9559 | D:8      | Reached XP level 10. HP: 46/57 MP: 13/18
  9580 | D:8      | Noticed Erica
  9582 | D:8      | Offered knowledge of Freeze by Vehumet.
  9596 | D:8      | Killed Erica
  9598 | D:8      | Reached ** piety under Vehumet
  9807 | D:8      | Reached skill level 5 in Armour
 10140 | D:8      | Reached skill level 5 in Fighting
 10460 | D:9      | Offered knowledge of Searing Ray by Vehumet.
 10827 | D:9      | Reached *** piety under Vehumet
 11252 | D:9      | Reached skill level 9 in Earth Magic
 11287 | D:9      | Offered knowledge of Iskenderun's Mystic Blast by Vehumet.
 11427 | D:9      | Noticed Pikel
 11447 | D:9      | Killed Pikel
 11447 | D:9      | Reached XP level 11. HP: 53/64 MP: 20/20
 11523 | D:9      | Reached skill level 5 in Maces & Flails
 11684 | D:9      | Found an opulent altar of Gozag.
 11684 | D:9      | Found a glowing golden altar of the Shining One.
 11774 | D:9      | Upgraded the game from 0.25-a0-651-g8c222c7a2b to
                  | 0.25-a0-661-g55ea3d2053
 11796 | D:10     | Entered Level 10 of the Dungeon
 11902 | D:10     | Reached **** piety under Vehumet
 12020 | D:10     | Offered knowledge of Lightning Bolt by Vehumet.
 12058 | D:10     | Found a blossoming altar of Fedhas.
 12247 | D:10     | Noticed Snorg
 12252 | D:10     | Killed Snorg
 12305 | D:10     | Reached skill level 5 in Dodging
 12608 | D:11     | Noticed a manticore
 12855 | D:11     | Killed a manticore
 12860 | D:11     | Reached skill level 5 in Evocations
 12974 | D:11     | Noticed a cyclops
 13007 | D:11     | Found a staircase to the Lair.
 13115 | D:11     | Reached ***** piety under Vehumet
 13173 | D:11     | Offered knowledge of Sticky Flame by Vehumet.
 13220 | D:11     | Killed a cyclops
 13436 | D:11     | Noticed a five-headed hydra
 13439 | D:11     | Killed a five-headed hydra
 13450 | D:11     | Reached skill level 10 in Earth Magic
 13670 | D:11     | Noticed a five-headed hydra
 13677 | D:11     | Killed a five-headed hydra
 13677 | D:11     | Reached XP level 12. HP: 66/71 MP: 11/22
 13896 | D:12     | Found a frozen archway.
 13908 | IceCv    | Entered an ice cave
 14200 | IceCv    | Learned a level 3 spell: Mephitic Cloud
 14203 | IceCv    | Learned a level 2 spell: Blink
 14893 | IceCv    | Noticed a death yak
 14893 | IceCv    | Noticed a death yak
 14924 | IceCv    | Killed a death yak
 14926 | IceCv    | Killed a death yak
 15436 | IceCv    | Noticed a frost giant
 15443 | IceCv    | Reached skill level 11 in Earth Magic
 15443 | IceCv    | Reached XP level 13. HP: 69/78 MP: 25/25
 15448 | IceCv    | Killed a frost giant
 15763 | D:12     | Learned a level 1 spell: Apportation
 15830 | D:12     | Found a staircase to the Orcish Mines.
 16086 | D:12     | Found Atzuix's Distillery.
 16089 | D:12     | Bought a potion of ambrosia for 144 gold pieces
 16089 | D:12     | Bought a potion of invisibility for 144 gold pieces
 16089 | D:12     | Bought a potion of heal wounds for 90 gold pieces
 16264 | D:12     | Found a roughly hewn altar of Beogh.
 16387 | D:13     | Found a gate leading to a gauntlet.
 16394 | Gauntlet | Entered a Gauntlet
 16394 | Gauntlet | Found a transporter.
 16394 | Gauntlet | Found a transporter.
 16394 | Gauntlet | Found a transporter.
 16405 | Gauntlet | Found a transporter.
 16408 | Gauntlet | Found a transporter.
 16416 | Gauntlet | Found a transporter.
 16419 | Gauntlet | Found a transporter.
 16421 | Gauntlet | Noticed a death ooze
 16427 | Gauntlet | Found a transporter.
 16446 | Gauntlet | Found a transporter.
 16446 | Gauntlet | Noticed a green death
 16452 | Gauntlet | Found a transporter.
 16454 | Gauntlet | Found a transporter.
 16464 | Gauntlet | Found a transporter.
 16778 | Gauntlet | Got a pair of steaming gloves
 16792 | Gauntlet | Offered knowledge of Spellforged Servitor by Vehumet.
 16799 | Gauntlet | Noticed a minotaur
 16833 | Gauntlet | Killed a minotaur
 17046 | Gauntlet | Identified the Guide on Confrontation and Dislocation
 17047 | Gauntlet | Got a glittering ivory ring
 17052 | Gauntlet | Learned a level 3 spell: Dazzling Flash
 17061 | Gauntlet | Identified the ring "Oxuso" {+Inv +Fly rPois rN+ Dex-5}
                  | (You found it in a Gauntlet)
 17074 | Gauntlet | Identified the +2 pair of gloves "Ojyv" {*Drain rN+ Regen+
                  | Dex+6} (You found it in a Gauntlet)
 18133 | D:13     | Reached skill level 10 in Conjurations
 18484 | D:13     | Found a gate to the Vaults.
 18735 | D:14     | Reached skill level 12 in Earth Magic
 18959 | D:14     | Gained mutation: Your large and strong wings let you fly
                  | indefinitely. [Gargoyle growth]
 18959 | D:14     | Reached XP level 14. HP: 80/86 MP: 19/27
 19011 | D:14     | Identified the +6 scale mail of Nobility {+Fly rElec Str+5
                  | Int-2}
 19015 | D:14     | Offered knowledge of Iskenderun's Battlesphere by Vehumet.
 19650 | D:14     | Cast into level 3 of the Abyss (a wizard)
 19781 | Abyss:3  | Noticed a profane servitor
 19876 | Abyss:3  | Noticed a starcursed mass
 19994 | Abyss:3  | Mangled by a large abomination

Levels and vault maps discovered:
D:1:      scummos_arrival_simple_crosswalls, layout_loops_corners
D:2:      layout_basic, first_ration, kennysheep_nondescript,
          guppyfry_early_lair_pool, uniq_terence
D:3:      layout_rooms, minitemple, nemelex_spade_bored_becter
D:4:      layout_layer_cave, lemuel_doored_altar, minivault_11
D:5:      layout_basic, nicolae_ossuary_entry_giza, grunt_tough_drop
D:6:      layout_basic, serial_glass, glass_columns_b, glass_columns_a,
          uniq_duvessa
D:7:      layout_basic, minmay_temple_entry_offerings, grunt_ministairs_15,
          uniq_prince_ribbit1, uniq_joseph
D:8:      layout_cave_pools, gammafunk_ghost_split,
          hangedman_little_slice_of_home, uniq_erica, uniq_grum, uniq_gastronok
D:9:      layout_big_octagon, gammafunk_temple_overflow_wave, serial_gnoll_camp,
          gnoll_camp_mini_doghouse, gnoll_camp_mini_loothouse,
          gnoll_camp_mini_basic, gnoll_camp_mini_house, gnoll_camp_medium_01,
          uniq_pikel
D:10:     layout_loops_ring, basic_altar, uniq_snorg
D:11:     layout_rooms, lair_entry_dummy
D:12:     layout_loops_ring, minmay_orc_entry_temple_small,
          portal_ice_cave_rime, serial_shops, nicolae_shop_behind_doors
D:13:     layout_loops_ring, erik_vaults_1, gauntlet_entry_generic
D:14:     layout_stronghold, minmay_staircase_bubble, minmay_nine_imps
Temple:   dshaligram_water_room_temple
Abyss:3:  base: D:8, evilmike_abyss_exit_4, minivault_26, lemuel_flamethrower_2,
          guppyfry_abyss_exit_spiral_guarded, hangedman_abyss_or_decor_stabs,
          evilmike_abyss_exit_10

Skill      XL: |  1  2  3  4  5  6  7  8  9 10 11 12 13 14 |
---------------+-------------------------------------------+-----
Earth Magic    | 4 5 6 7 8 9 10 11 12 | 12.4
Spellcasting   | 3 4 5 6 7 8 9 |  9.4
Conjurations   | 1 2 3 4 5 6 8 9 10 | 10.5
Fighting       | 1 2 4 5 6 8 9 |  9.9
Armour         | 1 2 4 5 6 |  6.0
Evocations     | 1 2 3 4 5 6 |  6.0
Maces & Flails | 1 2 3 4 6 7 8 9 |  9.0
Dodging        | 2 3 4 5 6 7 |  7.9
Stealth        | |  2.1
Transmutations | |  0.7

Action                   |  1- 3 |  4- 6 |  7- 9 | 10-12 | 13-15 || total
-------------------------+-------+-------+-------+-------+-------++-------
Melee: Dagger            |   104 |   241 |   214 |       |       ||   559
       Unarmed           |     5 |       |       |       |       ||     5
       Short sword       |       |    56 |       |       |       ||    56
       Rapier            |       |       |   179 |    82 |       ||   261
       Scimitar          |       |       |       |    33 |       ||    33
       Whip              |       |       |       |   236 |   280 ||   516
Throw: Throwing net      |       |       |       |     1 |       ||     1
 Cast: Sandblast         |    15 |    31 |    77 |   134 |    71 ||   328
       Stone Arrow       |     1 |     6 |    13 |    13 |    30 ||    63
       Lee's Rapid Decon |       |       |     3 |    85 |    75 ||   163
       Mephitic Cloud    |       |       |       |       |     5 ||     5
       Dazzling Flash    |       |       |       |       |     3 ||     3
Evoke: Wand              |       |       |     4 |    28 |     5 ||    37
       Fan of gales      |       |       |       |       |     1 ||     1
  Use: Scroll            |     6 |       |     9 |     9 |     9 ||    33
       Potion            |     2 |       |     1 |     5 |    12 ||    20
 Stab: Sleeping          |     2 |     3 |     4 |     1 |     2 ||    12
       Confused          |       |       |       |       |     2 ||     2
  Eat: Chunk             |     1 |     5 |    18 |    35 |    17 ||    76
       Ration            |       |     2 |       |     2 |     5 ||     9
Armor: Robe              |    45 |   127 |   115 |   272 |       ||   559
       Animal skin       |       |       |       |       |   134 ||   134
Dodge: Dodged            |    63 |   221 |   224 |   464 |   284 ||  1256
Block: Other             |       |       |    43 |    76 |    49 ||   168
       Reflection        |       |       |     3 |     6 |     2 ||    11
       Rpst.: Scimitar   |       |       |       |    13 |       ||    13

Table legend:
 A = Non-vault XP
 B = Vault XP
 C = Vault XP percentage of total XP
 D = Non-vault monster count
 E = Vault monster count
 F = Vault count percentage of total count
                 A         B        C        D         E       F
            +---------+---------+-------+---------+---------+-------
      Total |   40487 |   23687 |  36.9 |     419 |     169 |  28.7
            +---------+---------+-------+---------+---------+-------
        D:1 |      37 |      36 |  49.3 |      22 |       1 |   4.3
        D:2 |     100 |       0 |   0.0 |      22 |       0 |   0.0
        D:3 |      61 |       0 |   0.0 |      25 |       0 |   0.0
        D:4 |     122 |       0 |   0.0 |      15 |       0 |   0.0
        D:5 |      18 |      79 |  81.4 |       7 |       7 |  50.0
        D:6 |    1102 |     234 |  17.5 |      28 |       2 |   6.7
        D:7 |    1270 |     716 |  36.1 |      37 |       4 |   9.8
        D:8 |    1410 |    1470 |  51.0 |      27 |      12 |  30.8
        D:9 |    1594 |    1223 |  43.4 |      29 |      25 |  46.3
       D:10 |    2350 |    1101 |  31.9 |      36 |       1 |   2.7
       D:11 |    5980 |       0 |   0.0 |      45 |       0 |   0.0
       D:12 |    4934 |     911 |  15.6 |      42 |      11 |  20.8
       D:13 |    9441 |    1808 |  16.1 |      36 |       2 |   5.3
       D:14 |    8872 |     407 |   4.4 |      38 |       9 |  19.1
    Abyss:3 |    3196 |     349 |   9.8 |      10 |       2 |  16.7
    Ossuary |       0 |     372 | 100.0 |       0 |      39 | 100.0
      IceCv |       0 |   12493 | 100.0 |       0 |      46 | 100.0
   Gauntlet |       0 |    2488 | 100.0 |       0 |       8 | 100.0
            +---------+---------+-------+---------+---------+-------
